| TOP OF THE 1ST |
|
Clinton LumberKings batting - Pitching for Quad Cities River Bandits : RHP Joe Rivin
|
|
Pitching: RHP Joe Rivin
|
|
|
Batting: RHB Kikuo Sato
|
0-0: Ball 1-0: Called Strike 1-1: Fly out, F8 (Flyball, 8RM, EV 85.0 MPH)
|
|
Batting: RHB Rick Ellis
|
0-0: Called Strike 0-1: Foul Ball, location: 2F 0-2: Ball 1-2: Foul Ball, location: 2F 1-2: SOLO HOME RUN (Flyball, 7D, EV 98.1 MPH), Distance : 378 ft
|
|
Batting: RHB Josh Ruhl
|
0-0: Ball 1-0: Ball 2-0: Ball 3-0: Called Strike 3-1: Base on Balls
|
|
Batting: LHB William Warren
|
0-0: Swinging Strike 0-1: Fly out, F8 (Flyball, 8LS, EV 79.4 MPH)
|
|
Batting: RHB Joe Stading
|
0-0: Ball 1-0: Called Strike 1-1: Ball Josh Ruhl steals 2nd base 2-1: Ball 3-1: Base on Balls
|
|
Batting: SHB Jose Castillo
|
0-0: Swinging Strike 0-1: Ground out U3 (Groundball, 34S, EV 70.0 MPH)
|
| Top of the 1st over - 1 run, 1 hit, 0 errors, 2 left on base; Clinton 1 - Quad Cities 0 |
| BOTTOM OF THE 1ST |
|
Quad Cities River Bandits batting - Pitching for Clinton LumberKings : RHP Kevon Jamison
|
|
Pitching: RHP Kevon Jamison
|
|
|
Batting: LHB Kelvin Jones
|
0-0: Ball 1-0: Ball 2-0: Ball 3-0: Called Strike 3-1: Foul Ball, location: 2F 3-2: Foul Ball, location: 2F 3-2: Base on Balls
|
|
Batting: LHB Doug Anderson
|
0-0: Called Strike 0-1: Called Strike 0-2: Fielders Choice at 2nd, 4-6 (Groundball, 34, EV 102.5 MPH)
|
|
Batting: SHB Troy Kenyon
|
0-0: Ball 1-0: Grounds into double play, 4-6-3 (Groundball, 4, EV 86.3 MPH)
|
| Bottom of the 1st over - 0 runs, 0 hits, 0 errors, 0 left on base; Clinton 1 - Quad Cities 0 |
| TOP OF THE 2ND |
|
Clinton LumberKings batting - Pitching for Quad Cities River Bandits : RHP Joe Rivin
|
|
Batting: RHB Josh O'Neal
|
0-0: Ball 1-0: Ball 2-0: Swinging Strike 2-1: Called Strike 2-2: Ball 3-2: Strikes out swinging, 2-3 out at first.
|
|
Batting: RHB Salvador Avina
|
0-0: Called Strike 0-1: Ball 1-1: Swinging Strike 1-2: Foul Ball, location: 2F 1-2: Strikes out looking
|
|
Batting: SHB Victor Rijos
|
0-0: Ball 1-0: Ball 2-0: Ball 3-0: Called Strike 3-1: Fly out, F7 (Flyball, 78D, EV 105.6 MPH)
|
| Top of the 2nd over - 0 runs, 0 hits, 0 errors, 0 left on base; Clinton 1 - Quad Cities 0 |
| BOTTOM OF THE 2ND |
|
Quad Cities River Bandits batting - Pitching for Clinton LumberKings : RHP Kevon Jamison
|
|
Batting: LHB Angelo Vasquez
|
0-0: Called Strike 0-1: Ball 1-1: Ball 2-1: Ball 3-1: Base on Balls
|
|
Batting: RHB Pete Isley
|
0-0: Swinging Strike 0-1: Ball 1-1: Ball 2-1: Called Strike 2-2: Foul Ball, location: 2F 2-2: Strikes out swinging
|
|
Batting: SHB Paskar Adegoke
|
0-0: Called Strike 0-1: SINGLE (Groundball, 4MD, EV 101.3 MPH) Angelo Vasquez to second
|
|
Batting: RHB Joe Cook
|
0-0: Swinging Strike 0-1: Foul Ball, location: 2F 0-2: Ball 1-2: Fielders Choice at 2nd, 6-4 (Groundball, 56, EV 98.1 MPH) Angelo Vasquez to third
|
|
Batting: RHB Colin Cranford
|
0-0: Foul Ball, location: 2F 0-1: Ball 1-1: Swinging Strike 1-2: Fly out, F9 (Flyball, 9LS, EV 77.5 MPH)
|
| Bottom of the 2nd over - 0 runs, 1 hit, 0 errors, 2 left on base; Clinton 1 - Quad Cities 0 |
| TOP OF THE 3RD |
|
Clinton LumberKings batting - Pitching for Quad Cities River Bandits : RHP Joe Rivin
|
|
Batting: RHB Kikuo Sato
|
0-0: Ball 1-0: TRIPLE (Line Drive, 89XD, EV 105.0 MPH)
|
|
Batting: RHB Rick Ellis
|
0-0: Swinging Strike 0-1: Foul Ball, location: 2F 0-2: Ball 1-2: Ground out 1-3 (Groundball, 15, EV 77.5 MPH)
|
|
Batting: RHB Josh Ruhl
|
0-0: Swinging Strike 0-1: Swinging Strike 0-2: Foul Ball, location: 2F 0-2: Strikes out swinging
|
|
Batting: LHB William Warren
|
0-0: Ball 1-0: Ball 2-0: Swinging Strike 2-1: Ball 3-1: Called Strike 3-2: Strikes out swinging
|
| Top of the 3rd over - 0 runs, 1 hit, 0 errors, 1 left on base; Clinton 1 - Quad Cities 0 |
| BOTTOM OF THE 3RD |
|
Quad Cities River Bandits batting - Pitching for Clinton LumberKings : RHP Kevon Jamison
|
|
Batting: RHB Steve Moore
|
0-0: Ball 1-0: Ground out 6-3 (Groundball, 6S, EV 81.3 MPH)
|
|
Batting: LHB Kelvin Jones
|
0-0: Called Strike 0-1: Ball 1-1: Called Strike 1-2: Foul Ball, location: 2F 1-2: Ball 2-2: Foul Ball, location: 2F 2-2: Strikes out swinging
|
|
Batting: LHB Doug Anderson
|
0-0: Ball 1-0: Foul Ball, location: 2F 1-1: Fly out, F7 (Line Drive, 7, EV 91.3 MPH)
|
| Bottom of the 3rd over - 0 runs, 0 hits, 0 errors, 0 left on base; Clinton 1 - Quad Cities 0 |
| TOP OF THE 4TH |
|
Clinton LumberKings batting - Pitching for Quad Cities River Bandits : RHP Joe Rivin
|
|
Batting: RHB Joe Stading
|
0-0: SINGLE (Groundball, 4D, EV 93.8 MPH)
|
|
Batting: SHB Jose Castillo
|
0-0: Fielders Choice at 2nd, 2-6 (Groundball, 13S, EV 67.5 MPH)
|
|
Batting: RHB Josh O'Neal
|
0-0: Ball 1-0: Ball 2-0: Called Strike 2-1: Fielders Choice at 2nd, 1-6 (Groundball, 13S, EV 68.8 MPH)
|
|
Batting: RHB Salvador Avina
|
0-0: Swinging Strike 0-1: Called Strike 0-2: Strikes out looking
|
| Top of the 4th over - 0 runs, 1 hit, 0 errors, 1 left on base; Clinton 1 - Quad Cities 0 |
| BOTTOM OF THE 4TH |
|
Quad Cities River Bandits batting - Pitching for Clinton LumberKings : RHP Kevon Jamison
|
|
Batting: SHB Troy Kenyon
|
0-0: Foul Ball, location: 2F 0-1: Called Strike 0-2: Foul Ball, location: 2F 0-2: Ball 1-2: Ball 2-2: Foul Ball, location: 2F 2-2: Ball 3-2: Base on Balls
|
|
Batting: LHB Angelo Vasquez
|
0-0: Foul Ball, location: 2F 0-1: Swinging Strike 0-2: Strikes out looking
|
|
Batting: RHB Pete Isley
|
0-0: Called Strike 0-1: Ball 1-1: Ball 2-1: Ball 3-1: Grounds into double play, 5-4-3 (Groundball, 56, EV 108.1 MPH)
|
| Bottom of the 4th over - 0 runs, 0 hits, 0 errors, 0 left on base; Clinton 1 - Quad Cities 0 |
| TOP OF THE 5TH |
|
Clinton LumberKings batting - Pitching for Quad Cities River Bandits : RHP Joe Rivin
|
|
Batting: SHB Victor Rijos
|
0-0: Called Strike 0-1: Ball 1-1: Ball 2-1: Swinging Strike 2-2: Ball 3-2: Base on Balls
|
|
Batting: RHB Kikuo Sato
|
0-0: Ball 1-0: SINGLE (Groundball, 34D, EV 93.8 MPH) Victor Rijos to second Runner from 2nd tries for 3rd, SAFE, throw by RF made to third
|
|
Batting: RHB Rick Ellis
|
0-0: Ball Kikuo Sato steals 2nd base 1-0: TRIPLE (Flyball, 3D, EV 95.6 MPH) Victor Rijos scores Kikuo Sato scores
|
|
Batting: RHB Josh Ruhl
|
0-0: Ball 1-0: Ball 2-0: Ball 3-0: Base on Balls
|
|
Batting: LHB William Warren
|
0-0: Ball 1-0: Ball 2-0: Foul Ball, location: 2F 2-1: Ball 3-1: Foul Ball, location: 2F 3-2: Base on Balls Josh Ruhl to second
|
|
Batting: RHB Joe Stading
|
0-0: Foul Ball, location: 2F 0-1: Ball 1-1: Foul Ball, location: 2F 1-2: Ball 2-2: Strikes out swinging
|
|
Batting: SHB Jose Castillo
|
0-0: Ball 1-0: Called Strike 1-1: Ball 2-1: Fly out, F8 (Flyball, 8RXD, EV 96.9 MPH) Runner from 3rd tags up, SCORES, no throw by CF
|
|
Batting: RHB Josh O'Neal
|
0-0: Called Strike 0-1: Swinging Strike 0-2: Foul Ball, location: 2F 0-2: Fielders Choice at 2nd, 6-4 (Groundball, 6, EV 85.6 MPH)
|
| Top of the 5th over - 3 runs, 2 hits, 0 errors, 2 left on base; Clinton 4 - Quad Cities 0 |
| BOTTOM OF THE 5TH |
|
Quad Cities River Bandits batting - Pitching for Clinton LumberKings : RHP Kevon Jamison
|
|
Batting: SHB Paskar Adegoke
|
0-0: Swinging Strike 0-1: Called Strike 0-2: Ball 1-2: Foul Ball, location: 2F 1-2: Ball 2-2: Ball 3-2: Foul Ball, location: 2F 3-2: Base on Balls
|
|
Batting: RHB Joe Cook
|
0-0: Ball 1-0: SINGLE (Groundball, 56D, EV 102.5 MPH) Paskar Adegoke to second
|
|
Batting: RHB Colin Cranford
|
0-0: Fielders Choice at 2nd, 3-6 (Groundball, 34, EV 109.4 MPH) Paskar Adegoke to third
|
|
Batting: RHB Steve Moore
|
0-0: Fielders Choice at 2nd, 5-4 (Groundball, 56, EV 83.8 MPH) Paskar Adegoke scores
|
|
Batting: LHB Kelvin Jones
|
0-0: Called Strike 0-1: Swinging Strike 0-2: Strikes out swinging
|
| Bottom of the 5th over - 1 run, 1 hit, 0 errors, 1 left on base; Clinton 4 - Quad Cities 1 |
| TOP OF THE 6TH |
|
Clinton LumberKings batting - Pitching for Quad Cities River Bandits : RHP Joe Rivin
|
|
Pitching: RHP Ray Leuthauser
|
|
|
Batting: RHB Salvador Avina
|
0-0: Foul Ball, location: 2F 0-1: Ball 1-1: Swinging Strike 1-2: Strikes out swinging
|
|
Batting: SHB Victor Rijos
|
0-0: Ball 1-0: Ball 2-0: Ball 3-0: Base on Balls
|
|
Batting: RHB Kikuo Sato
|
0-0: Ball 1-0: Ball 2-0: Called Strike 2-1: Ball 3-1: Base on Balls Victor Rijos to second
|
|
Batting: RHB Rick Ellis
|
0-0: Called Strike 0-1: Swinging Strike 0-2: Strikes out swinging
|
|
Batting: RHB Josh Ruhl
|
0-0: Fly out, F4 (Popup, 4, EV 53.1 MPH)
|
| Top of the 6th over - 0 runs, 0 hits, 0 errors, 2 left on base; Clinton 4 - Quad Cities 1 |
| BOTTOM OF THE 6TH |
|
Quad Cities River Bandits batting - Pitching for Clinton LumberKings : RHP Kevon Jamison
|
|
Batting: LHB Doug Anderson
|
0-0: Ball 1-0: Swinging Strike 1-1: Ball 2-1: Foul Ball, location: 2F 2-2: Ball 3-2: Foul Ball, location: 2F 3-2: Ground out 4-3 (Groundball, 4, EV 106.3 MPH)
|
|
Pitching: LHP Rentaro Minami
|
|
|
Batting: SHB Troy Kenyon
|
0-0: Ball 1-0: Ball 2-0: Ball 3-0: Called Strike 3-1: Foul Ball, location: 2F 3-2: Foul Ball, location: 2F 3-2: Base on Balls
|
|
Batting: LHB Angelo Vasquez
|
0-0: Called Strike 0-1: Ball 1-1: Called Strike 1-2: Ball 2-2: Strikes out swinging
|
|
Batting: RHB Pete Isley
|
0-0: Called Strike 0-1: Foul Ball, location: 2F 0-2: Foul Ball, location: 2F 0-2: Fielders Choice at 2nd, 6-4 (Groundball, 6, EV 86.3 MPH)
|
| Bottom of the 6th over - 0 runs, 0 hits, 0 errors, 1 left on base; Clinton 4 - Quad Cities 1 |
| TOP OF THE 7TH |
|
Clinton LumberKings batting - Pitching for Quad Cities River Bandits : RHP Ray Leuthauser
|
|
Batting: LHB William Warren
|
0-0: Ball 1-0: Foul Ball, location: 2F 1-1: Swinging Strike 1-2: Ground out 5-3 (Groundball, 56, EV 108.8 MPH)
|
|
Batting: RHB Joe Stading
|
0-0: Ball 1-0: Ball 2-0: Called Strike 2-1: Foul Ball, location: 2F 2-2: Ball 3-2: Base on Balls
|
|
Batting: SHB Jose Castillo
|
0-0: Foul Ball, location: 2F 0-1: Ball 1-1: Foul Ball, location: 2F 1-2: Ball 2-2: Ball 3-2: Fly out, F8 (Line Drive, 8RM, EV 93.8 MPH)
|
|
Batting: RHB Josh O'Neal
|
0-0: Swinging Strike 0-1: Ball 1-1: Ball 2-1: Ball 3-1: Foul Ball, location: 2F 3-2: Base on Balls Joe Stading to second
|
|
Batting: RHB Salvador Avina
|
0-0: Ground out 4-3 (Groundball, 34, EV 85.0 MPH)
|
| Top of the 7th over - 0 runs, 0 hits, 0 errors, 2 left on base; Clinton 4 - Quad Cities 1 |
| BOTTOM OF THE 7TH |
|
Quad Cities River Bandits batting - Pitching for Clinton LumberKings : LHP Rentaro Minami
|
|
Pitching: RHP Adam Fair
|
|
|
Batting: SHB Paskar Adegoke
|
0-0: Ball 1-0: Ball 2-0: Foul Ball, location: 2F 2-1: Ground out 6-3 (Groundball, 6D, EV 105.0 MPH)
|
|
Batting: RHB Joe Cook
|
0-0: Ball 1-0: Foul Ball, location: 2F 1-1: Called Strike 1-2: Ball 2-2: Strikes out swinging
|
|
Batting: RHB Colin Cranford
|
0-0: Ground out 5-3 (Groundball, 56, EV 81.9 MPH)
|
| Bottom of the 7th over - 0 runs, 0 hits, 0 errors, 0 left on base; Clinton 4 - Quad Cities 1 |
| TOP OF THE 8TH |
|
Clinton LumberKings batting - Pitching for Quad Cities River Bandits : RHP Ray Leuthauser
|
|
Pitching: RHP Tim Watson
|
|
|
Batting: SHB Victor Rijos
|
0-0: Called Strike 0-1: Called Strike 0-2: Ball 1-2: Ball 2-2: Ball 3-2: Strikes out looking
|
|
Batting: RHB Kikuo Sato
|
0-0: Called Strike 0-1: Swinging Strike 0-2: Strikes out swinging
|
|
Batting: RHB Rick Ellis
|
0-0: Ball 1-0: Called Strike 1-1: Ball 2-1: Ball 3-1: DOUBLE (Groundball, 5L, EV 111.9 MPH)
|
|
Batting: RHB Josh Ruhl
|
0-0: Called Strike 0-1: SINGLE (Groundball, 6M, EV 102.5 MPH) (infield hit) Rick Ellis to third
|
|
Batting: LHB William Warren
|
0-0: Swinging Strike 0-1: Fly out, F2 (Popup, 25F, EV 80.0 MPH)
|
| Top of the 8th over - 0 runs, 2 hits, 0 errors, 2 left on base; Clinton 4 - Quad Cities 1 |
| BOTTOM OF THE 8TH |
|
Quad Cities River Bandits batting - Pitching for Clinton LumberKings : RHP Adam Fair
|
|
Batting: RHB Steve Moore
|
0-0: Ball 1-0: Ball 2-0: Ground out 6-3 (Groundball, 6, EV 96.3 MPH)
|
|
Batting: LHB Kelvin Jones
|
0-0: Ball 1-0: Ball 2-0: Ball 3-0: Called Strike 3-1: Base on Balls
|
|
Batting: LHB Doug Anderson
|
0-0: SINGLE (Line Drive, 7LS, EV 98.8 MPH) Kelvin Jones to second
|
|
Batting: SHB Troy Kenyon
|
0-0: Ball 1-0: Swinging Strike 1-1: Ball 2-1: SINGLE (Line Drive, 4D, EV 94.4 MPH) Kelvin Jones to third Doug Anderson to second
|
|
Pitching: LHP Justin Neikirk
|
|
|
Pinch Hitting: RHB Raul Sanchez
|
0-0: Swinging Strike 0-1: Called Strike 0-2: Ball 1-2: Foul Ball, location: 2F 1-2: Strikes out swinging
|
|
Batting: RHB Pete Isley
|
0-0: Ground out 4-3 (Groundball, 4, EV 86.9 MPH)
|
| Bottom of the 8th over - 0 runs, 2 hits, 0 errors, 3 left on base; Clinton 4 - Quad Cities 1 |
| TOP OF THE 9TH |
|
Clinton LumberKings batting - Pitching for Quad Cities River Bandits : RHP Tim Watson
|
|
Now at 1B: Jamie Jennings
|
|
|
Batting: RHB Joe Stading
|
0-0: Fly out, F8 (Flyball, 8RXD, EV 94.4 MPH)
|
|
Batting: SHB Jose Castillo
|
0-0: Called Strike 0-1: Swinging Strike 0-2: Ball 1-2: Fly out, F1 (Popup, 15, EV 80.6 MPH)
|
|
Batting: RHB Josh O'Neal
|
0-0: Ball 1-0: Ball 2-0: Ball 3-0: Called Strike 3-1: SINGLE (Line Drive, 7S, EV 101.9 MPH)
|
|
Batting: RHB Salvador Avina
|
0-0: Called Strike 0-1: Ball 1-1: Foul Ball, location: 2F 1-2: Ball 2-2: Ball 3-2: Strikes out swinging
|
| Top of the 9th over - 0 runs, 1 hit, 0 errors, 1 left on base; Clinton 4 - Quad Cities 1 |
| BOTTOM OF THE 9TH |
|
Quad Cities River Bandits batting - Pitching for Clinton LumberKings : LHP Justin Neikirk
|
|
Pitching: RHP David Lane
|
|
|
Batting: SHB Paskar Adegoke
|
0-0: SINGLE (Groundball, 6D, EV 97.5 MPH)
|
|
Batting: RHB Joe Cook
|
0-0: Ball 1-0: Called Strike 1-1: Foul Ball, location: 2F 1-2: Foul Ball, location: 2F 1-2: Strikes out swinging
|
|
Pinch Hitting: LHB Dylan LaRose
|
0-0: Ball 1-0: Called Strike 1-1: Swinging Strike 1-2: Ball 2-2: Strikes out swinging
|
|
Pinch Hitting: LHB Ray Fernandez
|
0-0: Called Strike 0-1: Swinging Strike 0-2: Ball 1-2: Foul Ball, location: 2F 1-2: Foul Ball, location: 2F 1-2: Foul Ball, location: 2F 1-2: Ball 2-2: Ball 3-2: Strikes out swinging
|
| Bottom of the 9th over - 0 runs, 1 hit, 0 errors, 1 left on base; Clinton 4 - Quad Cities 1 |
|